%YAML 1.1
%TAG !u! tag:unity3d.com,2011:
--- !u!1 &114254261734905259
GameObject:
  m_ObjectHideFlags: 0
  m_CorrespondingSourceObject: {fileID: 0}
  m_PrefabInstance: {fileID: 0}
  m_PrefabAsset: {fileID: 0}
  serializedVersion: 6
  m_Component:
  - component: {fileID: 1755458234263705725}
  - component: {fileID: 4117578632036695217}
  m_Layer: 0
  m_Name: Cube.004
  m_TagString: Untagged
  m_Icon: {fileID: 0}
  m_NavMeshLayer: 0
  m_StaticEditorFlags: 0
  m_IsActive: 1
--- !u!4 &1755458234263705725
Transform:
  m_ObjectHideFlags: 0
  m_CorrespondingSourceObject: {fileID: 0}
  m_PrefabInstance: {fileID: 0}
  m_PrefabAsset: {fileID: 0}
  m_GameObject: {fileID: 114254261734905259}
  serializedVersion: 2
  m_LocalRotation: {x: -0.7071069, y: 2.3004343e-14, z: 2.3004344e-14, w: 0.7071067}
  m_LocalPosition: {x: 9.947643e-14, y: 0.12769079, z: 1.1892123}
  m_LocalScale: {x: 32.760956, y: 32.760956, z: 32.760956}
  m_ConstrainProportionsScale: 0
  m_Children: []
  m_Father: {fileID: 6879396533247036268}
  m_LocalEulerAnglesHint: {x: 0, y: 0, z: 0}
--- !u!137 &4117578632036695217
SkinnedMeshRenderer:
  m_ObjectHideFlags: 0
  m_CorrespondingSourceObject: {fileID: 0}
  m_PrefabInstance: {fileID: 0}
  m_PrefabAsset: {fileID: 0}
  m_GameObject: {fileID: 114254261734905259}
  m_Enabled: 1
  m_CastShadows: 1
  m_ReceiveShadows: 1
  m_DynamicOccludee: 1
  m_StaticShadowCaster: 0
  m_MotionVectors: 1
  m_LightProbeUsage: 1
  m_ReflectionProbeUsage: 1
  m_RayTracingMode: 3
  m_RayTraceProcedural: 0
  m_RenderingLayerMask: 1
  m_RendererPriority: 0
  m_Materials:
  - {fileID: -4246479402191905792, guid: 372932c6fb0510c459f9f6f1fcb7d289, type: 3}
  - {fileID: -8693172909504858975, guid: 372932c6fb0510c459f9f6f1fcb7d289, type: 3}
  - {fileID: -7198559261415225722, guid: 372932c6fb0510c459f9f6f1fcb7d289, type: 3}
  - {fileID: -2813337366143557646, guid: 372932c6fb0510c459f9f6f1fcb7d289, type: 3}
  - {fileID: 725804396391725484, guid: 372932c6fb0510c459f9f6f1fcb7d289, type: 3}
  m_StaticBatchInfo:
    firstSubMesh: 0
    subMeshCount: 0
  m_StaticBatchRoot: {fileID: 0}
  m_ProbeAnchor: {fileID: 0}
  m_LightProbeVolumeOverride: {fileID: 0}
  m_ScaleInLightmap: 1
  m_ReceiveGI: 1
  m_PreserveUVs: 0
  m_IgnoreNormalsForChartDetection: 0
  m_ImportantGI: 0
  m_StitchLightmapSeams: 1
  m_SelectedEditorRenderState: 3
  m_MinimumChartSize: 4
  m_AutoUVMaxDistance: 0.5
  m_AutoUVMaxAngle: 89
  m_LightmapParameters: {fileID: 0}
  m_SortingLayerID: 0
  m_SortingLayer: 0
  m_SortingOrder: 0
  serializedVersion: 2
  m_Quality: 0
  m_UpdateWhenOffscreen: 0
  m_SkinnedMotionVectors: 1
  m_Mesh: {fileID: -5053925668127403250, guid: 372932c6fb0510c459f9f6f1fcb7d289, type: 3}
  m_Bones:
  - {fileID: 1209418768423943921}
  - {fileID: 4308009044659961880}
  - {fileID: 6796753138105352549}
  - {fileID: 8708281059884232875}
  - {fileID: 6657592085124320181}
  - {fileID: 3984605389953501186}
  - {fileID: 8008643968613181372}
  - {fileID: 8010033066062720636}
  - {fileID: 8967552456205621838}
  - {fileID: 4545484368593345355}
  - {fileID: 21519749020788184}
  m_BlendShapeWeights: []
  m_RootBone: {fileID: 1209418768423943921}
  m_AABB:
    m_Center: {x: 0.0066051623, y: 0.0075503453, z: 0.0011411067}
    m_Extent: {x: 0.012322414, y: 0.01957031, z: 0.010652307}
  m_DirtyAABB: 0
--- !u!1 &227387324799276795
GameObject:
  m_ObjectHideFlags: 0
  m_CorrespondingSourceObject: {fileID: 0}
  m_PrefabInstance: {fileID: 0}
  m_PrefabAsset: {fileID: 0}
  serializedVersion: 6
  m_Component:
  - component: {fileID: 8708281059884232875}
  m_Layer: 0
  m_Name: Bone.003
  m_TagString: Untagged
  m_Icon: {fileID: 0}
  m_NavMeshLayer: 0
  m_StaticEditorFlags: 0
  m_IsActive: 1
--- !u!4 &8708281059884232875
Transform:
  m_ObjectHideFlags: 0
  m_CorrespondingSourceObject: {fileID: 0}
  m_PrefabInstance: {fileID: 0}
  m_PrefabAsset: {fileID: 0}
  m_GameObject: {fileID: 227387324799276795}
  serializedVersion: 2
  m_LocalRotation: {x: 3.67375e-10, y: 5.2739518e-11, z: -0.12777998, w: 0.9918026}
  m_LocalPosition: {x: 8.940381e-10, y: 0.004715878, z: 6.508816e-12}
  m_LocalScale: {x: 1, y: 1, z: 1}
  m_ConstrainProportionsScale: 0
  m_Children:
  - {fileID: 6657592085124320181}
  m_Father: {fileID: 6796753138105352549}
  m_LocalEulerAnglesHint: {x: 0, y: 0, z: 0}
--- !u!1 &1756327916114014748
GameObject:
  m_ObjectHideFlags: 0
  m_CorrespondingSourceObject: {fileID: 0}
  m_PrefabInstance: {fileID: 0}
  m_PrefabAsset: {fileID: 0}
  serializedVersion: 6
  m_Component:
  - component: {fileID: 6796753138105352549}
  m_Layer: 0
  m_Name: Bone.002
  m_TagString: Untagged
  m_Icon: {fileID: 0}
  m_NavMeshLayer: 0
  m_StaticEditorFlags: 0
  m_IsActive: 1
--- !u!4 &6796753138105352549
Transform:
  m_ObjectHideFlags: 0
  m_CorrespondingSourceObject: {fileID: 0}
  m_PrefabInstance: {fileID: 0}
  m_PrefabAsset: {fileID: 0}
  m_GameObject: {fileID: 1756327916114014748}
  serializedVersion: 2
  m_LocalRotation: {x: 0.006583066, y: 0.0007177544, z: -0.108385645, w: 0.99408686}
  m_LocalPosition: {x: 3.538724e-10, y: 0.0047795963, z: -6.984919e-12}
  m_LocalScale: {x: 0.99999994, y: 1.0000001, z: 1}
  m_ConstrainProportionsScale: 0
  m_Children:
  - {fileID: 8708281059884232875}
  m_Father: {fileID: 4308009044659961880}
  m_LocalEulerAnglesHint: {x: 0, y: 0, z: 0}
--- !u!1 &2312408529654945967
GameObject:
  m_ObjectHideFlags: 0
  m_CorrespondingSourceObject: {fileID: 0}
  m_PrefabInstance: {fileID: 0}
  m_PrefabAsset: {fileID: 0}
  serializedVersion: 6
  m_Component:
  - component: {fileID: 8967552456205621838}
  m_Layer: 0
  m_Name: Bone.008
  m_TagString: Untagged
  m_Icon: {fileID: 0}
  m_NavMeshLayer: 0
  m_StaticEditorFlags: 0
  m_IsActive: 1
--- !u!4 &8967552456205621838
Transform:
  m_ObjectHideFlags: 0
  m_CorrespondingSourceObject: {fileID: 0}
  m_PrefabInstance: {fileID: 0}
  m_PrefabAsset: {fileID: 0}
  m_GameObject: {fileID: 2312408529654945967}
  serializedVersion: 2
  m_LocalRotation: {x: -3.1826863e-10, y: -3.5849813e-11, z: -0.32706186, w: 0.945003}
  m_LocalPosition: {x: -5.961208e-10, y: 0.002152211, z: -1.2192713e-12}
  m_LocalScale: {x: 0.99999994, y: 0.99999994, z: 1}
  m_ConstrainProportionsScale: 0
  m_Children:
  - {fileID: 1304244120133349434}
  m_Father: {fileID: 8010033066062720636}
  m_LocalEulerAnglesHint: {x: 0, y: 0, z: 0}
--- !u!1 &2522817151051389322
GameObject:
  m_ObjectHideFlags: 0
  m_CorrespondingSourceObject: {fileID: 0}
  m_PrefabInstance: {fileID: 0}
  m_PrefabAsset: {fileID: 0}
  serializedVersion: 6
  m_Component:
  - component: {fileID: 21519749020788184}
  m_Layer: 0
  m_Name: Bone.010
  m_TagString: Untagged
  m_Icon: {fileID: 0}
  m_NavMeshLayer: 0
  m_StaticEditorFlags: 0
  m_IsActive: 1
--- !u!4 &21519749020788184
Transform:
  m_ObjectHideFlags: 0
  m_CorrespondingSourceObject: {fileID: 0}
  m_PrefabInstance: {fileID: 0}
  m_PrefabAsset: {fileID: 0}
  m_GameObject: {fileID: 2522817151051389322}
  serializedVersion: 2
  m_LocalRotation: {x: 0, y: -0, z: -0.030036246, w: 0.99954885}
  m_LocalPosition: {x: -0, y: 0.0054438314, z: 0}
  m_LocalScale: {x: 1.0000001, y: 1.0000001, z: 1}
  m_ConstrainProportionsScale: 0
  m_Children:
  - {fileID: 4142651655664198057}
  m_Father: {fileID: 4545484368593345355}
  m_LocalEulerAnglesHint: {x: 0, y: 0, z: 0}
--- !u!1 &3565604045176630352
GameObject:
  m_ObjectHideFlags: 0
  m_CorrespondingSourceObject: {fileID: 0}
  m_PrefabInstance: {fileID: 0}
  m_PrefabAsset: {fileID: 0}
  serializedVersion: 6
  m_Component:
  - component: {fileID: 4142651655664198057}
  m_Layer: 0
  m_Name: Bone.010_end
  m_TagString: Untagged
  m_Icon: {fileID: 0}
  m_NavMeshLayer: 0
  m_StaticEditorFlags: 0
  m_IsActive: 1
--- !u!4 &4142651655664198057
Transform:
  m_ObjectHideFlags: 0
  m_CorrespondingSourceObject: {fileID: 0}
  m_PrefabInstance: {fileID: 0}
  m_PrefabAsset: {fileID: 0}
  m_GameObject: {fileID: 3565604045176630352}
  serializedVersion: 2
  m_LocalRotation: {x: 0, y: -0, z: -0, w: 1}
  m_LocalPosition: {x: -0, y: 0.0057286834, z: 0}
  m_LocalScale: {x: 1, y: 1, z: 1}
  m_ConstrainProportionsScale: 0
  m_Children: []
  m_Father: {fileID: 21519749020788184}
  m_LocalEulerAnglesHint: {x: 0, y: 0, z: 0}
--- !u!1 &3835545355475968956
GameObject:
  m_ObjectHideFlags: 0
  m_CorrespondingSourceObject: {fileID: 0}
  m_PrefabInstance: {fileID: 0}
  m_PrefabAsset: {fileID: 0}
  serializedVersion: 6
  m_Component:
  - component: {fileID: 4545484368593345355}
  m_Layer: 0
  m_Name: Bone.009
  m_TagString: Untagged
  m_Icon: {fileID: 0}
  m_NavMeshLayer: 0
  m_StaticEditorFlags: 0
  m_IsActive: 1
--- !u!4 &4545484368593345355
Transform:
  m_ObjectHideFlags: 0
  m_CorrespondingSourceObject: {fileID: 0}
  m_PrefabInstance: {fileID: 0}
  m_PrefabAsset: {fileID: 0}
  m_GameObject: {fileID: 3835545355475968956}
  serializedVersion: 2
  m_LocalRotation: {x: 0, y: 0, z: 0.9999875, w: 0.0050073876}
  m_LocalPosition: {x: -0, y: 0, z: 0}
  m_LocalScale: {x: 1, y: 1, z: 1}
  m_ConstrainProportionsScale: 0
  m_Children:
  - {fileID: 21519749020788184}
  m_Father: {fileID: 5271045090465224264}
  m_LocalEulerAnglesHint: {x: 0, y: 0, z: 0}
--- !u!1 &4011656648716930024
GameObject:
  m_ObjectHideFlags: 0
  m_CorrespondingSourceObject: {fileID: 0}
  m_PrefabInstance: {fileID: 0}
  m_PrefabAsset: {fileID: 0}
  serializedVersion: 6
  m_Component:
  - component: {fileID: 8010033066062720636}
  m_Layer: 0
  m_Name: Bone.007
  m_TagString: Untagged
  m_Icon: {fileID: 0}
  m_NavMeshLayer: 0
  m_StaticEditorFlags: 0
  m_IsActive: 1
--- !u!4 &8010033066062720636
Transform:
  m_ObjectHideFlags: 0
  m_CorrespondingSourceObject: {fileID: 0}
  m_PrefabInstance: {fileID: 0}
  m_PrefabAsset: {fileID: 0}
  m_GameObject: {fileID: 4011656648716930024}
  serializedVersion: 2
  m_LocalRotation: {x: -3.49574e-10, y: -3.0109987e-11, z: -0.3654578, w: 0.9308279}
  m_LocalPosition: {x: 0.0000000014900636, y: 0.0027852159, z: -3.6956993e-13}
  m_LocalScale: {x: 1.0000001, y: 1, z: 1}
  m_ConstrainProportionsScale: 0
  m_Children:
  - {fileID: 8967552456205621838}
  m_Father: {fileID: 8008643968613181372}
  m_LocalEulerAnglesHint: {x: 0, y: 0, z: 0}
--- !u!1 &6170532352989357704
GameObject:
  m_ObjectHideFlags: 0
  m_CorrespondingSourceObject: {fileID: 0}
  m_PrefabInstance: {fileID: 0}
  m_PrefabAsset: {fileID: 0}
  serializedVersion: 6
  m_Component:
  - component: {fileID: 5271045090465224264}
  m_Layer: 0
  m_Name: Armature.004
  m_TagString: Untagged
  m_Icon: {fileID: 0}
  m_NavMeshLayer: 0
  m_StaticEditorFlags: 0
  m_IsActive: 1
--- !u!4 &5271045090465224264
Transform:
  m_ObjectHideFlags: 0
  m_CorrespondingSourceObject: {fileID: 0}
  m_PrefabInstance: {fileID: 0}
  m_PrefabAsset: {fileID: 0}
  m_GameObject: {fileID: 6170532352989357704}
  serializedVersion: 2
  m_LocalRotation: {x: -0.00000009415696, y: 0.7071068, z: 0.7071067, w: 0.00000009415697}
  m_LocalPosition: {x: 4.533843e-19, y: 0.07508469, z: 0.4824934}
  m_LocalScale: {x: 62.44735, y: 62.44735, z: 62.44735}
  m_ConstrainProportionsScale: 0
  m_Children:
  - {fileID: 1209418768423943921}
  - {fileID: 4545484368593345355}
  m_Father: {fileID: 6879396533247036268}
  m_LocalEulerAnglesHint: {x: 0, y: 0, z: 0}
--- !u!1 &6315694921998476669
GameObject:
  m_ObjectHideFlags: 0
  m_CorrespondingSourceObject: {fileID: 0}
  m_PrefabInstance: {fileID: 0}
  m_PrefabAsset: {fileID: 0}
  serializedVersion: 6
  m_Component:
  - component: {fileID: 3984605389953501186}
  m_Layer: 0
  m_Name: Bone.005
  m_TagString: Untagged
  m_Icon: {fileID: 0}
  m_NavMeshLayer: 0
  m_StaticEditorFlags: 0
  m_IsActive: 1
--- !u!4 &3984605389953501186
Transform:
  m_ObjectHideFlags: 0
  m_CorrespondingSourceObject: {fileID: 0}
  m_PrefabInstance: {fileID: 0}
  m_PrefabAsset: {fileID: 0}
  m_GameObject: {fileID: 6315694921998476669}
  serializedVersion: 2
  m_LocalRotation: {x: -1.9852864e-10, y: -1.5265723e-11, z: -0.20718385, w: 0.97830206}
  m_LocalPosition: {x: 0.0000000011920572, y: 0.004051223, z: 1.3956536e-12}
  m_LocalScale: {x: 1, y: 1, z: 1}
  m_ConstrainProportionsScale: 0
  m_Children:
  - {fileID: 8008643968613181372}
  m_Father: {fileID: 6657592085124320181}
  m_LocalEulerAnglesHint: {x: 0, y: 0, z: 0}
--- !u!1 &6903229368793148096
GameObject:
  m_ObjectHideFlags: 0
  m_CorrespondingSourceObject: {fileID: 0}
  m_PrefabInstance: {fileID: 0}
  m_PrefabAsset: {fileID: 0}
  serializedVersion: 6
  m_Component:
  - component: {fileID: 8008643968613181372}
  m_Layer: 0
  m_Name: Bone.006
  m_TagString: Untagged
  m_Icon: {fileID: 0}
  m_NavMeshLayer: 0
  m_StaticEditorFlags: 0
  m_IsActive: 1
--- !u!4 &8008643968613181372
Transform:
  m_ObjectHideFlags: 0
  m_CorrespondingSourceObject: {fileID: 0}
  m_PrefabInstance: {fileID: 0}
  m_PrefabAsset: {fileID: 0}
  m_GameObject: {fileID: 6903229368793148096}
  serializedVersion: 2
  m_LocalRotation: {x: -1.4857626e-10, y: -1.3657443e-11, z: -0.15862495, w: 0.98733896}
  m_LocalPosition: {x: 3.7248526e-10, y: 0.0034182216, z: 4.129722e-12}
  m_LocalScale: {x: 1, y: 1, z: 1}
  m_ConstrainProportionsScale: 0
  m_Children:
  - {fileID: 8010033066062720636}
  m_Father: {fileID: 3984605389953501186}
  m_LocalEulerAnglesHint: {x: 0, y: 0, z: 0}
--- !u!1 &6974485168464575481
GameObject:
  m_ObjectHideFlags: 0
  m_CorrespondingSourceObject: {fileID: 0}
  m_PrefabInstance: {fileID: 0}
  m_PrefabAsset: {fileID: 0}
  serializedVersion: 6
  m_Component:
  - component: {fileID: 1209418768423943921}
  m_Layer: 0
  m_Name: Bone
  m_TagString: Untagged
  m_Icon: {fileID: 0}
  m_NavMeshLayer: 0
  m_StaticEditorFlags: 0
  m_IsActive: 1
--- !u!4 &1209418768423943921
Transform:
  m_ObjectHideFlags: 0
  m_CorrespondingSourceObject: {fileID: 0}
  m_PrefabInstance: {fileID: 0}
  m_PrefabAsset: {fileID: 0}
  m_GameObject: {fileID: 6974485168464575481}
  serializedVersion: 2
  m_LocalRotation: {x: -0.00012286598, y: 0.000015165028, z: -0.12249781, w: 0.9924688}
  m_LocalPosition: {x: -0, y: 0, z: 0}
  m_LocalScale: {x: 1, y: 1, z: 0.99999994}
  m_ConstrainProportionsScale: 0
  m_Children:
  - {fileID: 4308009044659961880}
  m_Father: {fileID: 5271045090465224264}
  m_LocalEulerAnglesHint: {x: 0, y: 0, z: 0}
--- !u!1 &7895876387873858013
GameObject:
  m_ObjectHideFlags: 0
  m_CorrespondingSourceObject: {fileID: 0}
  m_PrefabInstance: {fileID: 0}
  m_PrefabAsset: {fileID: 0}
  serializedVersion: 6
  m_Component:
  - component: {fileID: 6879396533247036268}
  - component: {fileID: 4220908418169593873}
  m_Layer: 0
  m_Name: Pez_Bluefin_Animado
  m_TagString: Untagged
  m_Icon: {fileID: 0}
  m_NavMeshLayer: 0
  m_StaticEditorFlags: 0
  m_IsActive: 1
--- !u!4 &6879396533247036268
Transform:
  m_ObjectHideFlags: 0
  m_CorrespondingSourceObject: {fileID: 0}
  m_PrefabInstance: {fileID: 0}
  m_PrefabAsset: {fileID: 0}
  m_GameObject: {fileID: 7895876387873858013}
  serializedVersion: 2
  m_LocalRotation: {x: -0, y: 0.9914449, z: -0, w: -0.13052632}
  m_LocalPosition: {x: 0, y: 0, z: 0}
  m_LocalScale: {x: 2.1844, y: 2.1844, z: 2.1844}
  m_ConstrainProportionsScale: 0
  m_Children:
  - {fileID: 5271045090465224264}
  - {fileID: 1755458234263705725}
  m_Father: {fileID: 8614944496437533812}
  m_LocalEulerAnglesHint: {x: 0, y: 195, z: 0}
--- !u!95 &4220908418169593873
Animator:
  serializedVersion: 5
  m_ObjectHideFlags: 0
  m_CorrespondingSourceObject: {fileID: 0}
  m_PrefabInstance: {fileID: 0}
  m_PrefabAsset: {fileID: 0}
  m_GameObject: {fileID: 7895876387873858013}
  m_Enabled: 1
  m_Avatar: {fileID: 0}
  m_Controller: {fileID: 9100000, guid: 4b2a9f5cf15533746814844d55238e1f, type: 2}
  m_CullingMode: 0
  m_UpdateMode: 0
  m_ApplyRootMotion: 0
  m_LinearVelocityBlending: 0
  m_StabilizeFeet: 0
  m_WarningMessage: 
  m_HasTransformHierarchy: 1
  m_AllowConstantClipSamplingOptimization: 1
  m_KeepAnimatorStateOnDisable: 0
  m_WriteDefaultValuesOnDisable: 0
--- !u!1 &8615312627996658868
GameObject:
  m_ObjectHideFlags: 0
  m_CorrespondingSourceObject: {fileID: 0}
  m_PrefabInstance: {fileID: 0}
  m_PrefabAsset: {fileID: 0}
  serializedVersion: 6
  m_Component:
  - component: {fileID: 6657592085124320181}
  m_Layer: 0
  m_Name: Bone.004
  m_TagString: Untagged
  m_Icon: {fileID: 0}
  m_NavMeshLayer: 0
  m_StaticEditorFlags: 0
  m_IsActive: 1
--- !u!4 &6657592085124320181
Transform:
  m_ObjectHideFlags: 0
  m_CorrespondingSourceObject: {fileID: 0}
  m_PrefabInstance: {fileID: 0}
  m_PrefabAsset: {fileID: 0}
  m_GameObject: {fileID: 8615312627996658868}
  serializedVersion: 2
  m_LocalRotation: {x: -1.6253471e-10, y: -1.4876026e-11, z: -0.17203806, w: 0.9850903}
  m_LocalPosition: {x: -3.191336e-14, y: 0.0043993737, z: -3.2220337e-14}
  m_LocalScale: {x: 1, y: 1, z: 1}
  m_ConstrainProportionsScale: 0
  m_Children:
  - {fileID: 3984605389953501186}
  m_Father: {fileID: 8708281059884232875}
  m_LocalEulerAnglesHint: {x: 0, y: 0, z: 0}
--- !u!1 &8847031445867489326
GameObject:
  m_ObjectHideFlags: 0
  m_CorrespondingSourceObject: {fileID: 0}
  m_PrefabInstance: {fileID: 0}
  m_PrefabAsset: {fileID: 0}
  serializedVersion: 6
  m_Component:
  - component: {fileID: 1304244120133349434}
  m_Layer: 0
  m_Name: Bone.008_end
  m_TagString: Untagged
  m_Icon: {fileID: 0}
  m_NavMeshLayer: 0
  m_StaticEditorFlags: 0
  m_IsActive: 1
--- !u!4 &1304244120133349434
Transform:
  m_ObjectHideFlags: 0
  m_CorrespondingSourceObject: {fileID: 0}
  m_PrefabInstance: {fileID: 0}
  m_PrefabAsset: {fileID: 0}
  m_GameObject: {fileID: 8847031445867489326}
  serializedVersion: 2
  m_LocalRotation: {x: 0, y: -0, z: -0, w: 1}
  m_LocalPosition: {x: -0, y: 0.0025003648, z: 0}
  m_LocalScale: {x: 1, y: 1, z: 1}
  m_ConstrainProportionsScale: 0
  m_Children: []
  m_Father: {fileID: 8967552456205621838}
  m_LocalEulerAnglesHint: {x: 0, y: 0, z: 0}
--- !u!1 &9127492449364308570
GameObject:
  m_ObjectHideFlags: 0
  m_CorrespondingSourceObject: {fileID: 0}
  m_PrefabInstance: {fileID: 0}
  m_PrefabAsset: {fileID: 0}
  serializedVersion: 6
  m_Component:
  - component: {fileID: 4308009044659961880}
  m_Layer: 0
  m_Name: Bone.001
  m_TagString: Untagged
  m_Icon: {fileID: 0}
  m_NavMeshLayer: 0
  m_StaticEditorFlags: 0
  m_IsActive: 1
--- !u!4 &4308009044659961880
Transform:
  m_ObjectHideFlags: 0
  m_CorrespondingSourceObject: {fileID: 0}
  m_PrefabInstance: {fileID: 0}
  m_PrefabAsset: {fileID: 0}
  m_GameObject: {fileID: 9127492449364308570}
  serializedVersion: 2
  m_LocalRotation: {x: -0.006496556, y: 0.0001555956, z: -0.023064801, w: 0.9997129}
  m_LocalPosition: {x: 1.06053265e-17, y: 0.0058869338, z: 2.728484e-14}
  m_LocalScale: {x: 1, y: 1, z: 1}
  m_ConstrainProportionsScale: 0
  m_Children:
  - {fileID: 6796753138105352549}
  m_Father: {fileID: 1209418768423943921}
  m_LocalEulerAnglesHint: {x: 0, y: 0, z: 0}
--- !u!1001 &5509989755554988798
PrefabInstance:
  m_ObjectHideFlags: 0
  serializedVersion: 2
  m_Modification:
    serializedVersion: 3
    m_TransformParent: {fileID: 0}
    m_Modifications:
    - target: {fileID: -4728912324975402631, guid: 394f6c9a274d1f6489f94fd70a8e54eb, type: 3}
      propertyPath: speed
      value: 100
      objectReference: {fileID: 0}
    - target: {fileID: -4728912324975402631, guid: 394f6c9a274d1f6489f94fd70a8e54eb, type: 3}
      propertyPath: limitsX.x
      value: -78
      objectReference: {fileID: 0}
    - target: {fileID: -4728912324975402631, guid: 394f6c9a274d1f6489f94fd70a8e54eb, type: 3}
      propertyPath: limitsX.y
      value: 78
      objectReference: {fileID: 0}
    - target: {fileID: -4728912324975402631, guid: 394f6c9a274d1f6489f94fd70a8e54eb, type: 3}
      propertyPath: limitsY.x
      value: -33
      objectReference: {fileID: 0}
    - target: {fileID: -4728912324975402631, guid: 394f6c9a274d1f6489f94fd70a8e54eb, type: 3}
      propertyPath: limitsY.y
      value: 38
      objectReference: {fileID: 0}
    - target: {fileID: -4728912324975402631, guid: 394f6c9a274d1f6489f94fd70a8e54eb, type: 3}
      propertyPath: limitsZ.x
      value: -61
      objectReference: {fileID: 0}
    - target: {fileID: -4728912324975402631, guid: 394f6c9a274d1f6489f94fd70a8e54eb, type: 3}
      propertyPath: limitsZ.y
      value: 20
      objectReference: {fileID: 0}
    - target: {fileID: -4728912324975402631, guid: 394f6c9a274d1f6489f94fd70a8e54eb, type: 3}
      propertyPath: minDistance
      value: 0.3
      objectReference: {fileID: 0}
    - target: {fileID: -3448000363899007757, guid: 394f6c9a274d1f6489f94fd70a8e54eb, type: 3}
      propertyPath: m_Size.y
      value: 2.581235
      objectReference: {fileID: 0}
    - target: {fileID: -3448000363899007757, guid: 394f6c9a274d1f6489f94fd70a8e54eb, type: 3}
      propertyPath: m_Size.z
      value: 8.725787
      objectReference: {fileID: 0}
    - target: {fileID: -3448000363899007757, guid: 394f6c9a274d1f6489f94fd70a8e54eb, type: 3}
      propertyPath: m_Center.y
      value: 0.34988406
      objectReference: {fileID: 0}
    - target: {fileID: -3448000363899007757, guid: 394f6c9a274d1f6489f94fd70a8e54eb, type: 3}
      propertyPath: m_Center.z
      value: -3.6894174
      objectReference: {fileID: 0}
    - target: {fileID: 1322111379303152817, guid: 394f6c9a274d1f6489f94fd70a8e54eb, type: 3}
      propertyPath: m_LocalPosition.x
      value: 0.031
      objectReference: {fileID: 0}
    - target: {fileID: 1322111379303152817, guid: 394f6c9a274d1f6489f94fd70a8e54eb, type: 3}
      propertyPath: m_LocalPosition.z
      value: 0.578
      objectReference: {fileID: 0}
    - target: {fileID: 3509100920384799792, guid: 394f6c9a274d1f6489f94fd70a8e54eb, type: 3}
      propertyPath: m_Name
      value: Fish - Bluefin
      objectReference: {fileID: 0}
    - target: {fileID: 4321489841821326986, guid: 394f6c9a274d1f6489f94fd70a8e54eb, type: 3}
      propertyPath: m_LocalPosition.x
      value: 0
      objectReference: {fileID: 0}
    - target: {fileID: 4321489841821326986, guid: 394f6c9a274d1f6489f94fd70a8e54eb, type: 3}
      propertyPath: m_LocalPosition.y
      value: 0
      objectReference: {fileID: 0}
    - target: {fileID: 4321489841821326986, guid: 394f6c9a274d1f6489f94fd70a8e54eb, type: 3}
      propertyPath: m_LocalPosition.z
      value: 0
      objectReference: {fileID: 0}
    - target: {fileID: 4321489841821326986, guid: 394f6c9a274d1f6489f94fd70a8e54eb, type: 3}
      propertyPath: m_LocalRotation.w
      value: 1
      objectReference: {fileID: 0}
    - target: {fileID: 4321489841821326986, guid: 394f6c9a274d1f6489f94fd70a8e54eb, type: 3}
      propertyPath: m_LocalRotation.x
      value: 0
      objectReference: {fileID: 0}
    - target: {fileID: 4321489841821326986, guid: 394f6c9a274d1f6489f94fd70a8e54eb, type: 3}
      propertyPath: m_LocalRotation.y
      value: 0
      objectReference: {fileID: 0}
    - target: {fileID: 4321489841821326986, guid: 394f6c9a274d1f6489f94fd70a8e54eb, type: 3}
      propertyPath: m_LocalRotation.z
      value: 0
      objectReference: {fileID: 0}
    - target: {fileID: 4321489841821326986, guid: 394f6c9a274d1f6489f94fd70a8e54eb, type: 3}
      propertyPath: m_LocalEulerAnglesHint.x
      value: 0
      objectReference: {fileID: 0}
    - target: {fileID: 4321489841821326986, guid: 394f6c9a274d1f6489f94fd70a8e54eb, type: 3}
      propertyPath: m_LocalEulerAnglesHint.y
      value: 0
      objectReference: {fileID: 0}
    - target: {fileID: 4321489841821326986, guid: 394f6c9a274d1f6489f94fd70a8e54eb, type: 3}
      propertyPath: m_LocalEulerAnglesHint.z
      value: 0
      objectReference: {fileID: 0}
    - target: {fileID: 8126452067192218611, guid: 394f6c9a274d1f6489f94fd70a8e54eb, type: 3}
      propertyPath: m_IsActive
      value: 0
      objectReference: {fileID: 0}
    m_RemovedComponents: []
    m_RemovedGameObjects: []
    m_AddedGameObjects:
    - targetCorrespondingSourceObject: {fileID: 4321489841821326986, guid: 394f6c9a274d1f6489f94fd70a8e54eb, type: 3}
      insertIndex: -1
      addedObject: {fileID: 6879396533247036268}
    m_AddedComponents: []
  m_SourcePrefab: {fileID: 100100000, guid: 394f6c9a274d1f6489f94fd70a8e54eb, type: 3}
--- !u!4 &8614944496437533812 stripped
Transform:
  m_CorrespondingSourceObject: {fileID: 4321489841821326986, guid: 394f6c9a274d1f6489f94fd70a8e54eb, type: 3}
  m_PrefabInstance: {fileID: 5509989755554988798}
  m_PrefabAsset: {fileID: 0}
